[Event "11th LCC FIDE Open 2019"]
[Site "London"]
[Date "2019.12.05"]
[Round "8.30"]
[White "Eche, Sylvain"]
[Black "Smith, Andrew Philip"]
[Result "0-1"]
[ECO "C41"]
[WhiteElo "2054"]
[BlackElo "2172"]
[Annotator "RC"]
[PlyCount "136"]
[EventDate "2019.11.29"]
[EventType "swiss"]
[EventCountry "ENG"]
[SourceTitle "playchess.com"]
[Source "ChessBase"]
[SourceQuality "1"]
[TimeControl "40/5400+30:1800+30"]

1. e4 e5 2. Nf3 d6 3. d4 Nd7 4. Bc4 c6 5. a4 Qf6 6. Nc3 h6 7. b3 Ne7 8. Bb2 Ng6 9. Ne2 Nb6 10. Bd3 Bg4 11. Qd2 Bxf3 12. gxf3 Nh4 13. O-O-O Nxf3 14. Qe3 Qg5 15. h4 Qxe3+ 16. fxe3 Be7 17. Rdf1 Nxh4 18. dxe5 dxe5 19. Bxe5 O-O 20. Ng3 Nd7 21. Bb2 Bg5 22. Nh5 f6 23. Bc4+ Kh7 24. Nf4 Rae8 25. Ne6 Rh8 26. e5 Bxe3+ 27. Kb1 b5 28. axb5 cxb5 29. Nxg7 Rxe5 30. Bxe5 Nxe5 31. Bxb5 Kxg7 32. Rxh4 Rb8 33. Be2 Bg5 34. Ra4 Rb7 35. Rd1 Be3 36. Rd8 Kg6 37. Ra6 Bb6 38. Rd6 Nf7 39. Bd3+ Kg5 40. Rd5+ Ne5 41. Ra4 h5 42. Be4 Rc7 43. Kb2 h4 44. Bg2 Be3 45. c4 Kf4 46. Ra6 Rf7 47. Rd8 Kg3 48. Bd5 Rg7 49. Rxf6 Bg5 50. Rf1 Nxc4+ 51. bxc4 Bxd8 52. Rg1+ Kf2 53. Rxg7 Bf6+ 54. Kb3 Bxg7 55. c5 Be5 56. Kc4 a6 57. Bb7 a5 58. Kb5 Bc7 59. Kc6 Bd8 60. Kd7 Bg5 61. Ke6 h3 62. Kf5 Bd8 63. Ke6 h2 64. Kd7 Bg5 65. c6 Bf4 66. c7 Bxc7 67. Kxc7 a4 68. Kb6 a3 0-1

[Event "11th LCC FIDE Open 2019"]
[Site "London"]
[Date "2019.12.05"]
[Round "8.32"]
[White "Deaconu, Mihai-Ionut"]
[Black "Pasztor, Balazs"]
[Result "0-1"]
[ECO "D29"]
[WhiteElo "1957"]
[BlackElo "2166"]
[Annotator "NA RC"]
[PlyCount "58"]
[EventDate "2019.11.29"]
[EventType "swiss"]
[EventCountry "ENG"]
[SourceTitle "playchess.com"]
[Source "ChessBase"]
[SourceQuality "1"]
[TimeControl "40/5400+30:1800+30"]

1. d4 d5 2. c4 dxc4 3. Nf3 Nf6 4. e3 a6 5. Bxc4 e6 6. O-O c5 7. Nc3 b5 8. Bb3 Bb7 9. Qe2 Nbd7 10. Rd1 Qb6 11. a3 Rd8 12. dxc5 Bxc5 13. Ba2 O-O 14. b4 Bd6 15. h3 Ne5 16. Bb2 Bxf3 17. gxf3 Qb7 18. e4 Ng6 19. Qf1 Be5 20. Rab1 Nh4 21. Rd3 Nh5 22. Bc1 Qe7 23. Kh1 Qf6 24. Nd1 Rxd3 25. Qxd3 Rd8 26. Qe2 Nf4 27. Qf1 Nxh3 28. Ne3 Qxf3+ 29. Ng2 Rd1 0-1

[Event "11th LCC FIDE Open 2019"]
[Site "London"]
[Date "2019.12.05"]
[Round "8.34"]
[White "Zapolskis, Antanas"]
[Black "De Coverly, Roger D"]
[Result "1-0"]
[ECO "D03"]
[WhiteElo "2280"]
[BlackElo "1986"]
[Annotator "NA"]
[PlyCount "65"]
[EventDate "2019.11.29"]
[EventType "swiss"]
[EventCountry "ENG"]
[SourceTitle "playchess.com"]
[Source "ChessBase"]
[SourceQuality "1"]
[TimeControl "40/5400+30:1800+30"]

1. d4 Nf6 2. Bg5 d5 3. c3 e6 4. Nd2 Be7 5. e3 h6 6. Bh4 Nbd7 7. Ngf3 O-O 8. Bd3 c5 9. O-O b6 10. Ne5 Nxe5 11. dxe5 Nd7 12. Bxe7 Qxe7 13. f4 Bb7 14. Qh5 f5 15. g4 Qe8 16. Qh4 c4 17. Bc2 Qg6 18. h3 h5 19. Kf2 hxg4 20. Rg1 Nc5 21. hxg4 Ne4+ 22. Ke2 Qh7 23. Qxh7+ Kxh7 24. gxf5 exf5 25. Nf3 Rae8 26. Rg2 Kg8 27. Rag1 Re7 28. Bxe4 dxe4 29. Nh4 Rd7 30. e6 Rc7 31. Ng6 Re8 32. Rh2 Rxe6 33. Rh8+ 1-0

[Event "11th LCC FIDE Open 2019"]
[Site "London"]
[Date "2019.12.05"]
[Round "8.35"]
[White "Chakanyuka, Charles"]
[Black "McClement, Andrew"]
[Result "0-1"]
[ECO "A34"]
[WhiteElo "1995"]
[BlackElo "2226"]
[Annotator "NA RC"]
[PlyCount "106"]
[EventDate "2019.11.29"]
[EventType "swiss"]
[EventCountry "ENG"]
[SourceTitle "playchess.com"]
[Source "ChessBase"]
[SourceQuality "1"]
[TimeControl "40/5400+30:1800+30"]

1. c4 Nf6 2. Nc3 e6 3. Nf3 c5 4. g3 Nc6 5. Bg2 Be7 6. O-O O-O 7. d3 a6 8. a3 Rb8 9. Bf4 d6 10. Rb1 b5 11. Nd2 Bd7 12. Nde4 Ne8 13. b3 f5 14. Nxc5 dxc5 15. Bxb8 Qxb8 16. e3 Nf6 17. Qe2 Qb6 18. Rfd1 Rb8 19. Qc2 Be8 20. Ne2 Nd8 21. d4 cxd4 22. exd4 Bxa3 23. c5 Qa7 24. Nf4 Bb4 25. Ra1 a5 26. Qe2 Bf7 27. Qe5 Rc8 28. Nd3 Bc3 29. Rac1 b4 30. Nf4 Nc6 31. Qe3 Ng4 32. Qd3 Nxd4 33. Rxc3 bxc3 34. h3 c2 35. Rc1 Qxc5 36. hxg4 e5 37. Ne2 Nxb3 38. Rf1 c1=Q 39. Nxc1 Nxc1 40. Qxf5 Ne2+ 41. Kh2 Nd4 42. Qd7 Be6 43. Qb7 Bxg4 44. Ra1 Rf8 45. Qd5+ Qxd5 46. Bxd5+ Be6 47. Rxa5 Bxd5 48. Rxd5 Rxf2+ 49. Kh3 Rf5 50. g4 Rg5 51. Kh4 h6 52. Rd8+ Kf7 53. Rd6 Nc2 0-1

[Event "11th LCC FIDE Open 2019"]
[Site "London"]
[Date "2019.12.05"]
[Round "8.36"]
[White "Ifalore, Michael"]
[Black "Cordes, Hans-Joerg"]
[Result "1-0"]
[ECO "C03"]
[WhiteElo "1989"]
[BlackElo "2188"]
[Annotator "NA"]
[PlyCount "67"]
[EventDate "2019.11.29"]
[EventType "swiss"]
[EventCountry "ENG"]
[SourceTitle "playchess.com"]
[Source "ChessBase"]
[SourceQuality "1"]
[TimeControl "40/5400+30:1800+30"]

1. e4 e6 2. d4 d5 3. Nd2 Be7 4. e5 c5 5. c3 Nc6 6. Bd3 cxd4 7. cxd4 Qb6 8. Ndf3 Bd7 9. Ne2 Rc8 10. O-O Nb4 11. Bb1 Qa6 12. Bd2 Ba4 13. b3 Bb5 14. Re1 Nd3 15. Bxd3 Bxd3 16. Rc1 Rxc1 17. Bxc1 Bb4 18. Bd2 Ba3 19. Nf4 Ne7 20. Re3 Be4 21. Ng5 Bg6 22. Qf3 Nf5 23. Nxg6 hxg6 24. g4 Be7 25. gxf5 Bxg5 26. Rc3 Bd8 27. fxg6 O-O 28. Qg4 Qxa2 29. Bc1 Qb1 30. gxf7+ Rxf7 31. Rc8 Rf8 32. Qxe6+ Kh7 33. Qxd5 Rf5 34. Qxd8 1-0

[Event "11th LCC FIDE Open 2019"]
[Site "London"]
[Date "2019.12.05"]
[Round "8.39"]
[White "Goh, Zi Han"]
[Black "Sarpotdar, Amogh"]
[Result "1/2-1/2"]
[ECO "D35"]
[WhiteElo "2134"]
[BlackElo "2015"]
[Annotator "ChessBase"]
[PlyCount "99"]
[EventDate "2019.11.29"]
[EventType "swiss"]
[EventCountry "ENG"]
[SourceTitle "playchess.com"]
[Source "ChessBase"]
[SourceQuality "1"]
[TimeControl "40/5400+30:1800+30"]

1. d4 Nf6 2. c4 e6 3. Nc3 d5 4. cxd5 exd5 5. Bg5 Be7 6. e3 O-O 7. Bd3 c5 8. Nge2 c4 9. Bc2 Nc6 10. Nf4 Be6 11. Bxf6 Bxf6 12. Nfxd5 Bxd4 13. exd4 Bxd5 14. Qh5 f5 15. O-O-O Qd7 16. Rhe1 Rac8 17. Re3 Nb4 18. Re5 Nd3+ 19. Bxd3 cxd3 20. Rxd3 Bxa2 21. Qg5 Rf7 22. d5 Bc4 23. Rde3 Bb5 24. Kb1 f4 25. R3e4 Bd3+ 26. Kc1 Bxe4 27. Rxe4 Rf5 28. Re7 Rxg5 29. Rxd7 b5 30. Kd2 b4 31. Ne4 Re5 32. f3 Rce8 33. d6 Rd5+ 34. Kc2 a5 35. Rc7 Rd8 36. Kb3 h6 37. Kc4 R5xd6 38. Nxd6 Rxd6 39. Kb3 Rd2 40. Rc2 Rxc2 41. Kxc2 Kf7 42. Kb3 Ke6 43. Ka4 Kd5 44. Kxa5 Kc4 45. g3 g5 46. gxf4 gxf4 47. Ka4 b3 48. Ka3 Kd3 49. Kxb3 Ke3 50. Kc3 1/2-1/2

[Event "11th LCC FIDE Open 2019"]
[Site "London"]
[Date "2019.12.05"]
[Round "8.41"]
[White "Makkar, Rajat"]
[Black "AuYeung, Chi Hung Jonathan"]
[Result "1-0"]
[ECO "A64"]
[WhiteElo "2125"]
[BlackElo "1770"]
[Annotator "NA"]
[PlyCount "105"]
[EventDate "2019.11.29"]
[EventType "swiss"]
[EventCountry "ENG"]
[SourceTitle "playchess.com"]
[Source "ChessBase"]
[SourceQuality "1"]
[TimeControl "40/5400+30:1800+30"]

1. d4 c5 2. d5 Nf6 3. c4 e6 4. Nc3 exd5 5. cxd5 d6 6. Nf3 g6 7. g3 Bg7 8. Bg2 O-O 9. O-O Re8 10. Nd2 Nbd7 11. h3 a6 12. a4 Rb8 13. Nc4 Ne5 14. Na3 c4 15. e4 Qc7 16. Be3 Nd3 17. b3 Nd7 18. Nxc4 Bxc3 19. Qxd3 Bxa1 20. Rxa1 Nc5 21. Qc2 Nxe4 22. Bxe4 b5 23. axb5 axb5 24. Nd2 Qxc2 25. Bxc2 Re5 26. Bf4 Rxd5 27. Ne4 Kg7 28. Nxd6 Bxh3 29. Be4 Rh5 30. Bf3 Rc5 31. Ne4 Rcc8 32. Bxb8 Rxb8 33. Ng5 Be6 34. Nxe6+ fxe6 35. Ra7+ Kh6 36. b4 e5 37. Re7 Rf8 38. Bc6 Kg5 39. Rxe5+ Kg4 40. Bd7+ Rf5 41. Rxb5 h5 42. Kg2 h4 43. Bxf5+ gxf5 44. gxh4 f4 45. h5 f3+ 46. Kh2 Kf4 47. h6 Ke4 48. h7 Kd3 49. h8=Q Ke2 50. Qd4 Kf1 51. Rc5 Ke2 52. Qe3+ Kf1 53. Rc1# 1-0

[Event "11th LCC FIDE Open 2019"]
[Site "London"]
[Date "2019.12.05"]
[Round "8.42"]
[White "Kuzhelev, Timur"]
[Black "Bates, Caspar J"]
[Result "0-1"]
[ECO "C29"]
[WhiteElo "1745"]
[BlackElo "2120"]
[Annotator "NA"]
[PlyCount "78"]
[EventDate "2019.11.29"]
[EventType "swiss"]
[EventCountry "ENG"]
[SourceTitle "playchess.com"]
[Source "ChessBase"]
[SourceQuality "1"]
[TimeControl "40/5400+30:1800+30"]

1. e4 e5 2. Nc3 Nf6 3. f4 d5 4. fxe5 Nxe4 5. Nf3 Be7 6. d3 Nxc3 7. bxc3 O-O 8. Be2 f6 9. exf6 Bxf6 10. d4 Nc6 11. O-O Bg4 12. Bf4 Na5 13. Ne5 Bxe2 14. Qxe2 Qe8 15. Rae1 Bxe5 16. Bxe5 Qd7 17. Rxf8+ Rxf8 18. Rf1 Rxf1+ 19. Kxf1 c6 20. g4 Qe6 21. h4 Nc4 22. Kg2 a6 23. Kg3 Nd6 24. Qf3 Ne4+ 25. Kg2 b5 26. h5 g6 27. h6 Qe7 28. Bg7 Ng5 29. Qf2 Qe4+ 30. Kh2 Ne6 31. Be5 Qxg4 32. Bg7 Qf4+ 33. Qxf4 Nxf4 34. Kg3 Ne2+ 35. Kg4 Kf7 36. c4 bxc4 37. Kf3 Nc3 38. Kf4 Ke6 39. a3 Nb5 0-1

[Event "11th LCC FIDE Open 2019"]
[Site "London"]
[Date "2019.12.05"]
[Round "8.43"]
[White "Pollack, Oscar"]
[Black "Ahn, Sungmin"]
[Result "1-0"]
[ECO "B42"]
[WhiteElo "2112"]
[BlackElo "1780"]
[Annotator "NA"]
[PlyCount "93"]
[EventDate "2019.11.29"]
[EventType "swiss"]
[EventCountry "ENG"]
[SourceTitle "playchess.com"]
[Source "ChessBase"]
[SourceQuality "1"]
[TimeControl "40/5400+30:1800+30"]

1. e4 c5 2. Nf3 e6 3. d4 cxd4 4. Nxd4 a6 5. Bd3 Nf6 6. O-O Qc7 7. Qe2 d6 8. c4 Nbd7 9. Nc3 Ne5 10. f4 Nxd3 11. Qxd3 Be7 12. h3 h5 13. f5 e5 14. Nc2 Bd7 15. Bg5 Bc6 16. Bxf6 Bxf6 17. Kh1 Bg5 18. Nb4 Rc8 19. b3 h4 20. Rfd1 Rh6 21. Nbd5 Qd8 22. a4 Kf8 23. a5 Qe8 24. Nb6 Rb8 25. b4 Bd8 26. Nbd5 Ra8 27. Ne3 Bc7 28. b5 Bd7 29. b6 Bd8 30. Ng4 Bc6 31. Nxh6 gxh6 32. Qxd6+ Kg7 33. Nd5 Rc8 34. f6+ Kh7 35. Rf1 Bxd5 36. cxd5 Rc2 37. Qa3 Qg8 38. Qf3 Kh8 39. Qg4 Qxg4 40. hxg4 Kh7 41. Rac1 Rb2 42. Rc8 Bxb6 43. axb6 Rxb6 44. Rf5 a5 45. Ra8 Rb4 46. Rxe5 a4 47. d6 1-0

[Event "11th LCC FIDE Open 2019"]
[Site "London"]
[Date "2019.12.05"]
[Round "8.44"]
[White "Ciocan, Maria-Alexandra"]
[Black "John, Joshua"]
[Result "1-0"]
[ECO "B31"]
[WhiteElo "2058"]
[BlackElo "1680"]
[Annotator "NA RC"]
[PlyCount "67"]
[EventDate "2019.11.29"]
[EventType "swiss"]
[EventCountry "ENG"]
[SourceTitle "playchess.com"]
[Source "ChessBase"]
[SourceQuality "1"]
[TimeControl "40/5400+30:1800+30"]

1. e4 c5 2. Nf3 Nc6 3. Bb5 g6 4. Bxc6 bxc6 5. O-O Bg7 6. c3 e5 7. Na3 Ne7 8. d4 cxd4 9. cxd4 exd4 10. Nxd4 O-O 11. Re1 Qb6 12. Nb3 d5 13. Bg5 f6 14. Be3 Qc7 15. Bc5 Rd8 16. exd5 Nxd5 17. Nd4 Bf8 18. Rc1 Bxc5 19. Rxc5 Bd7 20. Qc2 Re8 21. Rd1 Qe5 22. Qc1 Rac8 23. Nc4 Qe7 24. Na5 Nf4 25. Qc4+ Ne6 26. b4 Kh8 27. Ndxc6 Qf8 28. Rcd5 Bxc6 29. Nxc6 Nd8 30. b5 Qf7 31. h3 Nxc6 32. bxc6 Qc7 33. Rd7 Red8 34. Qf7 1-0

[Event "11th LCC FIDE Open 2019"]
[Site "London"]
[Date "2019.12.05"]
[Round "8.45"]
[White "Korning, Peter"]
[Black "Walker, Samuel A"]
[Result "0-1"]
[ECO "B21"]
[WhiteElo "1957"]
[BlackElo "2039"]
[Annotator "NA RC"]
[PlyCount "90"]
[EventDate "2019.11.29"]
[EventType "swiss"]
[EventCountry "ENG"]
[SourceTitle "playchess.com"]
[Source "ChessBase"]
[SourceQuality "1"]
[TimeControl "40/5400+30:1800+30"]

1. e4 c5 2. d4 cxd4 3. c3 d3 4. Bxd3 Nc6 5. c4 Nf6 6. Nf3 g6 7. O-O d6 8. h3 Bg7 9. Nc3 O-O 10. Be3 Nd7 11. Rc1 Nc5 12. Bb1 Be6 13. b3 Qa5 14. Qd2 Rac8 15. Rfd1 Rfd8 16. Nd5 Qxd2 17. Rxd2 Bxd5 18. exd5 Nb4 19. Re2 Rd7 20. Rce1 Kf8 21. a3 Nbd3 22. Bxd3 Nxd3 23. Rd1 Nc5 24. b4 Na4 25. Rc2 Rdc7 26. Rdc1 Bb2 27. Rb1 Bf6 28. Rbc1 Nb2 29. Bxa7 Rxc4 30. Rxc4 Rxc4 31. Rxc4 Nxc4 32. a4 Bc3 33. b5 Nb2 34. Ng5 h6 35. Ne4 Nxa4 36. Be3 h5 37. Kf1 f5 38. Ng5 Bf6 39. Ne6+ Ke8 40. Nf4 Kf7 41. Ne6 Ke8 42. Nf4 Nc3 43. Nxg6 Nxd5 44. Ke2 Nxe3 45. fxe3 e5 0-1

[Event "11th LCC FIDE Open 2019"]
[Site "London"]
[Date "2019.12.05"]
[Round "8.47"]
[White "Finn, Peter"]
[Black "Grigoryan, Meri"]
[Result "1/2-1/2"]
[ECO "C54"]
[WhiteElo "1895"]
[BlackElo "2050"]
[Annotator "NA RC"]
[PlyCount "160"]
[EventDate "2019.11.29"]
[EventType "swiss"]
[EventCountry "ENG"]
[SourceTitle "playchess.com"]
[Source "ChessBase"]
[SourceQuality "1"]
[TimeControl "40/5400+30:1800+30"]

1. e4 e5 2. Nf3 Nc6 3. Bc4 Bc5 4. c3 Nf6 5. d3 O-O 6. O-O d5 {[%emt 0:01:52] C54: Giuoco Piano: 4 c3 Nf6, main lines with 5 d4 and 5 d3} 7. Bb5 (7. exd5 Nxd5 8. Re1 Bg4 9. Nbd2 Nb6 10. h3 Bh5 11. Bb3 Qxd3 12. Nxe5 Qf5 13. Nef3 Rad8 14. Qe2 Nd5 15. Ne4 Bxf3 16. Qxf3 Qxf3 17. gxf3 {½-½ (31) Vachier Lagrave,M (2774)-Aronian,L (2758) Khanty-Mansiysk 2019}) 7... dxe4 8. Bxc6 exf3 9. Bxf3 Bf5 10. Re1 $146 ({Predecessor:} 10. Bxb7 Bxd3 11. Bxa8 Bxf1 12. Qxf1 Qxa8 13. Be3 Qb8 14. Bxc5 {1-0 (30) Thee,M (799)-Knaack,C Neumuenster 2008}) 10... e4 11. dxe4 Nxe4 12. Be3 Qxd1 13. Bxd1 Rad8 14. Na3 Bxa3 15. bxa3 Nxc3 16. Bf3 Nd5 17. Bc5 c6 18. Bxf8 Kxf8 19. Rad1 Be6 20. Rd4 Rc8 21. h3 Rd8 22. Red1 Ke7 23. Kh2 Kd6 24. Kg3 Kc5 25. Rb4 Rd7 26. Rc1+ Kd6 27. Ra4 b6 28. Rh4 h6 29. Rhc4 Rc7 30. R4c2 Bf5 31. Re2 Be6 32. Bxd5 Bxd5 33. Re8 Bxa2 34. Rd1+ Bd5 35. Kf4 b5 36. g4 Kd7 37. Rg8 Ke7 38. Rxg7 Kf6 39. Rg8 Re7 40. f3 a5 41. h4 Re2 42. Rd3 Rh2 43. Kg3 Rh1 44. Re3 Be6 {[%emt 0:02:26] [#]} (44... b4 $11 {remains equal.}) 45. Ra8 (45. f4 $1 $16 Rg1+ 46. Kf2) 45... a4 46. Rg8 Rb1 47. f4 Rg1+ 48. Kf2 Rh1 49. h5 Bd5 50. Kg3 (50. Ke2 $16) 50... Rg1+ 51. Kh4 Rh1+ 52. Rh3 Rf1 $2 (52... Rg1 $11) 53. Kg3 $4 {[%emt 0:04:01] [#]} (53. g5+ $18 {is the narrow road to win.} Ke7 54. gxh6) 53... Rf3+ $2 ({Black should play} 53... b4 $1 $19 54. g5+ (54. axb4 a3) 54... Kf5) 54. Kh2 Rxf4 {[%emt 0:02:16] [#]} (54... Rf1 $1 $11 {remains equal.}) 55. g5+ $1 hxg5 56. h6 Be4 57. h7 Bxh7 58. Rxh7 Rf2+ 59. Kg1 Rf3 60. Rh6+ Kf5 61. Rxc6 Kg4 62. Rc2 Rxa3 63. Rg2+ Kf4 64. R8xg5 $2 (64. Rb2 $18 {has better winning chances.} Rg3+ 65. Kh2) 64... f5 {[%emt 0:00:35] [#]} 65. Rh5 $1 Ra1+ 66. Kh2 Ke4 67. Rb2 a3 68. Rb4+ Ke3 69. Rxf5 $2 (69. Rh3+ {mates} Kd2 70. Rxb5 f4 71. Rg5 Rd1 72. Rg2+ Kc1 73. Rxa3 Kb1 74. Rb3+ Ka1 75. Rf3) 69... a2 70. Rb3+ Ke4 71. Rfxb5 Rh1+ 72. Kxh1 a1=Q+ 73. Kg2 Qa2+ 74. Kg3 Qa7 75. Rb7 $11 Qg1+ 76. Kh4 Qh1+ 77. Kg5 Qc1+ 78. Kf6 Qh6+ 79. Ke7 Qg7+ 80. Kd8 Qf8+ 1/2-1/2

[Event "11th LCC FIDE Open 2019"]
[Site "London"]
[Date "2019.12.05"]
[Round "8.48"]
[White "Lohia, Sohum"]
[Black "Ho, Conrad"]
[Result "0-1"]
[ECO "B20"]
[WhiteElo "1889"]
[BlackElo "2046"]
[Annotator "NA"]
[PlyCount "66"]
[EventDate "2019.11.29"]
[EventType "swiss"]
[EventCountry "ENG"]
[SourceTitle "playchess.com"]
[Source "ChessBase"]
[SourceQuality "1"]
[TimeControl "40/5400+30:1800+30"]

1. e4 c5 2. Ne2 Nc6 3. g3 g6 4. Bg2 Bg7 5. c3 e5 6. d3 Nge7 7. Be3 d6 8. h3 O-O 9. d4 exd4 10. cxd4 Qb6 11. Qb3 cxd4 12. Qxb6 axb6 13. Bf4 d3 14. Nec3 Nb4 15. Bxd6 Nc2+ 16. Kd2 Nxa1 17. Bxe7 Re8 18. Bd6 Nc2 19. Kxd3 Rd8 20. Kxc2 Rxd6 21. f4 Be6 22. e5 Rd7 23. Na3 Rad8 24. Kb1 f6 25. exf6 Bxf6 26. Ne4 Bf5 27. g4 Bxe4+ 28. Bxe4 Rd4 29. Bxb7 Rxf4 30. Rc1 Rf2 31. Nc2 Rd3 32. Rh1 Rfd2 33. Kc1 Bg5 0-1

[Event "11th LCC FIDE Open 2019"]
[Site "London"]
[Date "2019.12.05"]
[Round "8.49"]
[White "Thatte, Nishchal"]
[Black "Vaddadi, Seshagiri"]
[Result "1/2-1/2"]
[ECO "B22"]
[WhiteElo "1723"]
[BlackElo "2042"]
[Annotator "NA RC"]
[PlyCount "55"]
[EventDate "2019.11.29"]
[EventType "swiss"]
[EventCountry "ENG"]
[SourceTitle "playchess.com"]
[Source "ChessBase"]
[SourceQuality "1"]
[TimeControl "40/5400+30:1800+30"]

1. e4 c5 2. c3 d5 3. exd5 Qxd5 4. d4 e5 5. dxe5 Qxe5+ 6. Be2 Nc6 7. Nf3 Qc7 8. O-O Nf6 9. Re1 Be7 10. Na3 a6 11. g3 Be6 12. Ng5 Bf5 13. Bf4 Qd8 14. Qb3 O-O 15. Qxb7 Ne4 16. Nxe4 Bxe4 17. Bc4 Ra7 18. Qb3 Na5 19. Qd1 Rd7 20. Qe2 Nxc4 21. Qxe4 Nxb2 22. Reb1 Nd3 23. Rb8 Qa5 24. Qc6 Qxc3 25. Qxd7 Rxb8 26. Bxb8 Qxa1+ 27. Kg2 Ne1+ 28. Kg1 1/2-1/2

[Event "11th LCC FIDE Open 2019"]
[Site "London"]
[Date "2019.12.05"]
[Round "8.50"]
[White "Grey, Nicholas D"]
[Black "Flear, Christine"]
[Result "0-1"]
[ECO "B22"]
[WhiteElo "1692"]
[BlackElo "2035"]
[Annotator "NA RC"]
[PlyCount "56"]
[EventDate "2019.11.29"]
[EventType "swiss"]
[EventCountry "ENG"]
[SourceTitle "playchess.com"]
[Source "ChessBase"]
[SourceQuality "1"]
[TimeControl "40/5400+30:1800+30"]

1. e4 c5 2. c3 Nf6 3. e5 Nd5 4. d4 cxd4 5. Qxd4 e6 6. Nf3 Nc6 7. Qe4 f5 8. Qe2 b5 9. g3 a5 10. Bg2 Qc7 11. O-O Ba6 12. Rd1 b4 13. Qd2 Be7 14. Nd4 Qxe5 15. Re1 Qf6 16. Bxd5 exd5 17. Nf3 d4 18. cxd4 O-O 19. d5 Na7 20. Ne5 Rfd8 21. Nf3 Rac8 22. Qe3 Bc5 23. Qg5 Qf7 24. b3 Re8 25. Bb2 Rxe1+ 26. Nxe1 Bb7 27. Nd3 h6 28. Qf4 Qxd5 0-1

[Event "11th LCC FIDE Open 2019"]
[Site "London"]
[Date "2019.12.05"]
[Round "8.51"]
[White "Nilssen, Ellen Fredericia"]
[Black "Saidmurodov, Shahjahon"]
[Result "0-1"]
[ECO "A41"]
[WhiteElo "2004"]
[BlackElo "1782"]
[Annotator "NA RC"]
[PlyCount "84"]
[EventDate "2019.11.29"]
[EventType "swiss"]
[EventCountry "ENG"]
[SourceTitle "playchess.com"]
[Source "ChessBase"]
[SourceQuality "1"]
[TimeControl "40/5400+30:1800+30"]

1. d4 d6 2. Nf3 c6 3. c4 Bg4 4. Nc3 Qc7 5. e4 Nd7 6. Be2 e5 7. d5 Ngf6 8. Be3 Be7 9. O-O h6 10. Nd2 Bxe2 11. Qxe2 g5 12. b4 O-O 13. h4 cxd5 14. hxg5 hxg5 15. Bxg5 d4 16. Nb5 Qd8 17. Bh6 Re8 18. f4 Bf8 19. Bxf8 Nxf8 20. Qf3 N8h7 21. g4 a6 22. fxe5 Rxe5 23. Nxd4 Qb6 24. N2b3 Rxe4 25. g5 Rxd4 26. Nxd4 Qxd4+ 27. Kg2 Nxg5 28. Qxf6 Qg4+ 29. Kh2 Re8 30. Rf2 Qh4+ 31. Kg2 Re3 32. Qd8+ Kg7 33. Rxf7+ Kxf7 34. Rf1+ Kg7 35. Qf8+ Kg6 36. Rf6+ Kh7 37. Rf7+ Nxf7 38. Qxf7+ Kh6 39. Qf8+ Kg5 40. Qg7+ Kf5 41. Qf7+ Qf6 42. Qd5+ Re5 0-1

[Event "11th LCC FIDE Open 2019"]
[Site "London"]
[Date "2019.12.05"]
[Round "8.52"]
[White "Taylor, William J"]
[Black "Covey, Jason"]
[Result "0-1"]
[ECO "C06"]
[WhiteElo "1967"]
[BlackElo "1770"]
[Annotator "NA"]
[PlyCount "66"]
[EventDate "2019.11.29"]
[EventType "swiss"]
[EventCountry "ENG"]
[SourceTitle "playchess.com"]
[Source "ChessBase"]
[SourceQuality "1"]
[TimeControl "40/5400+30:1800+30"]

1. e4 e6 2. d4 d5 3. Nd2 Nf6 4. e5 Nfd7 5. Bd3 c5 6. c3 Nc6 7. Ne2 cxd4 8. cxd4 f6 9. exf6 Nxf6 10. Nf3 Bd6 11. O-O Qc7 12. h3 O-O 13. Be3 Bd7 14. Re1 Rac8 15. Rc1 Be8 16. Ng5 Qd7 17. Bf4 Bh5 18. Bxd6 Qxd6 19. Qc2 h6 20. Nh7 Nxh7 21. Bxh7+ Kh8 22. g4 Nxd4 23. Nxd4 Rxc2 24. Bxc2 Qf4 25. Nxe6 Qxf2+ 26. Kh1 Rf3 27. Nf4 Rxf4 28. gxh5 Qf3+ 29. Kh2 Qxh5 30. Re3 Rf2+ 31. Kg1 Re2 32. Rxe2 Qxe2 33. Bb3 Qe3+ 0-1